 Dungeon Crawl Stone Soup version 0.20-a0-1065-g8446734 (console) character file.

250 nht the Shield-Bearer (level 6, -2/51 HPs)
             Began as a Formicid Fighter on Apr 28, 2017.
             Was an Initiate of Trog.
             Slain by a hound (5 damage)
             ... on level 4 of the Dungeon.
             The game lasted 00:03:59 (1634 turns).

nht the Shield-Bearer (Formicid Fighter)            Turns: 1634, Time: 00:03:59

Health: -2/51      AC:  1    Str: 22    XL:     6   Next: 35%
Magic:  6/6        EV:  9    Int:  8    God:    Trog [......]
Gold:   137        SH: 10    Dex: 12    Spells: 5/5 levels left

rFire    + . .     SeeInvis +   a - +0 war axe
rCold    + . .     Gourm    .   c - +0 shield
rNeg     + . .     Faith    .   y - +0 leather armour {rC+}
rPois    .         Spirit   .   (helmet unavailable)
rElec    .         Reflect  .   (no cloak)
rCorr    .         Harm     .   (no gloves)
MR       .....                  (no boots)
Stlth    +.........             (no amulet)
Regen    0.2/turn               v - ring of protection from fire
MPRegen  0.1/turn               x - ring of positive energy

@: no status effects
A: permanent stasis, dig shafts and tunnels, four strong arms, antennae 3, agile
1, deformed body, robust 1
a: Dig, Shaft Self, Burn Spellbooks, Renounce Religion


You were on level 4 of the Dungeon.
You worshipped Trog.
Trog was noncommittal.
You were not hungry.

You visited 1 branch of the dungeon, and saw 4 of its levels.

You collected 137 gold pieces.

Inventory:

Hand Weapons
 a - a +0 war axe (weapon)
Armour
 c - a +0 shield (worn)
 y - a +0 leather armour of cold resistance (worn)
Jewellery
 v - a ring of protection from fire (left hand)
 x - a ring of positive energy (right hand)
Wands
 p - a wand of disintegration (3/24)
 s - a wand of polymorph (7/24)
Scrolls
 e - 4 scrolls of remove curse
 j - a scroll of teleportation {unknown}
 k - 3 scrolls of recharging {unknown}
 l - a scroll of noise {unknown}
 n - 3 scrolls of identify {unknown}
 q - a scroll of enchant weapon {unknown}
 r - a scroll of amnesia {unknown}
Potions
 d - a potion of might
 w - a potion of brilliance
Comestibles
 b - 5 chunks of flesh
 f - 2 bread rations
 u - 9 fruits


   Skills:
 - Level 3.2 Fighting
 * Level 5.2 Axes
 - Level 3.2 Armour
 + Level 5.3 Shields


You had 5 spell levels left.
You didn't know any spells.

Dungeon Overview and Level Annotations

Branches:
Dungeon (4/15)
 Temple: D:4-7

Altars:
Elyvilon
Nemelex Xobeh
Trog


Innate Abilities, Weirdness & Mutations

You cannot be hasted, slowed, berserked, paralysed or teleported.
You can dig through walls and to a lower floor.
Your four strong arms can wield two-handed weapons with a shield.
You have a pair of large antennae on your head. (SInv)
You are agile. (Dex +2)
Armour fits poorly on your strangely shaped body.
You are robust. (+10% HP)


Message History

A leopard gecko comes into view.
You are too injured to fight recklessly!
You are too injured to fight recklessly!
You closely miss the hound. You closely miss the frilled lizard.
The leopard gecko hisses angrily.
The hound misses you. The frilled lizard barely misses you.
The hound pauses to sniff the ground.
The hound bites you.
* * * LOW HITPOINT WARNING * * *
The frilled lizard barely misses you. You block the hound's attack.
Okay, then.
Evoke which item? (* to show all) (? for menu, Esc to quit)
Aiming: Disintegrate (will waste charges)
Press: ? - help, Shift-Dir - straight line, f - hound
Aim: a hound (chance to defeat MR: 73%)
The hound is blasted.
Evoking this partially-identified wand wasted a few charges.
The hound bites you.
You die...

█.█..█ █.█
█.█. █.██.█
█.█ █.█ █.█.
█.██.██ █..
..█ █.█.
█.██..█ █.█
.██ █.█.
█.███.███.█ .
█.█.
████.███..██.█
█.█.
..........██.█
█.█.
████.███..██.█
█.
...........█@█
█.
████.█████.█h█
█. █........l█
██
█.████....l.█
█...!..█
█......█
██.███.█ █.█
.█ █.█ .█


You could see a hound, a leopard gecko and a frilled lizard.

Vanquished Creatures
  A bullfrog (D:4)
  A scorpion (D:3)
  3 gnolls (D:4)
  4 adders
  3 dart slugs
  2 leopard geckos
  6 orcs (D:3)
  A ball python (D:3)
  6 bats
  3 giant cockroaches
  7 goblins
  11 hobgoblins
  A quokka (D:4)
  2 frilled lizards
  4 kobolds
  11 rats
66 creatures vanquished.

Notes
Turn   | Place    | Note
-------+----------+-------------------------------------------
     0 | D:1      | nht the Formicid Fighter began the quest for the Orb.
     0 | D:1      | Reached XP level 1. HP: 18/18 MP: 1/1
    40 | D:1      | Reached XP level 2. HP: 18/24 MP: 2/2
   350 | D:1      | Reached XP level 3. HP: 27/29 MP: 3/3
   604 | D:2      | Found a bloodstained altar of Trog.
   704 | D:2      | Reached XP level 4. HP: 35/35 MP: 4/4
   942 | D:2      | Became a worshipper of Trog the Wrathful
   958 | D:3      | Found a faded altar of an unknown god.
   985 | D:3      | Reached XP level 5. HP: 22/41 MP: 5/5
  1115 | D:3      | Reached skill level 5 in Shields
  1155 | D:3      | Found a sparkling altar of Nemelex Xobeh.
  1162 | D:3      | Found a white marble altar of Elyvilon.
  1564 | D:4      | Noticed a bullfrog
  1572 | D:4      | Killed a bullfrog
  1572 | D:4      | Reached skill level 5 in Axes
  1572 | D:4      | Reached XP level 6. HP: 9/47 MP: 6/6
  1574 | D:4      | Gained mutation: You are agile. (Dex +2) [potion of mutation]
  1574 | D:4      | Gained mutation: Armour fits poorly on your strangely shaped body. [potion of mutation]
  1574 | D:4      | Gained mutation: You are robust. (+10% HP) [potion of mutation]
  1634 | D:4      | Slain by a hound

Vault maps used:
D:1:      minmay_arrival_pointy
D:2:      nicolae_overflow_crystal_walls, first_bread
D:3:      lemuel_round_altar, nemelex_xobeh_ov_fountains_minmay,
          chequers_ecumenical_altar_island, kennysheep_generic_room_4

Skill      XL: |  1  2  3  4  5 |
---------------+----------------+-----
Shields        | 4 5 |  5.3
Axes           | 3 4 5 |  5.2
Fighting       | |  3.2
Armour         | |  3.2

Action                   |  1- 3 |  4- 6 || total
-------------------------+-------+-------++-------
Melee: War axe           |   112 |   104 ||   216
Evoke: Wand              |       |     1 ||     1
  Use: Scroll            |     1 |       ||     1
       Potion            |       |     8 ||     8
  Eat: Chunk             |       |     3 ||     3
Armor: Scale mail        |    41 |    36 ||    77
       Leather armour    |       |     2 ||     2
Dodge: Dodged            |    37 |    52 ||    89
Block: Shield            |    61 |    67 ||   128
